 Dungeon Crawl Stone Soup version 0.17-a0-1403-g9df874c (webtiles) character file.

173 HEYYEYAAE the Gusty (level 5, -1/37 HPs)
             Began as a Human Air Elementalist on June 20, 2015.
             Slain by Rayvis's ghost (6 damage)
             ... on level 3 of the Dungeon.
             The game lasted 00:04:55 (2268 turns).

HEYYEYAAE the Gusty (Human Air Elementalist)        Turns: 2268, Time: 00:04:55

Health: -1/37      AC:  6    Str:  8    XL:     5   Next: 83%
Magic:  2/9        EV: 12    Int: 17    God:
Gold:   154        SH:  0    Dex: 13    Spells: 3 memorised, 3 levels left

rFire  . . .     SeeInvis +     g - +1 dagger
rCold  . . .     Clarity  .     a - +0 robe
rNeg   . . .     SustAt   .     (no shield)
rPois  .         Gourm    .     i - +0 helmet
rElec  .         Spirit   .     h - +0 cloak
rCorr  .         Warding  .     (no gloves)
rMut   +         Stasis   .     (no boots)
MR     .....                    v - amulet of resist mutation
Stlth  ++........               e - +2 ring of protection
                                s - ring of see invisible

@: hasted, repel missiles, very quick, not resistant to hostile enchantments,
unstealthy
A: no striking features
a: no special abilities


You were on level 3 of the Dungeon.
You were not hungry.

You visited 1 branch of the dungeon, and saw 4 of its levels.

You collected 154 gold pieces.

Inventory:

Hand weapons
 g - a +1 dagger (weapon)
Armour
 a - a +0 robe (worn)
 h - a +0 cloak (worn)
 i - a +0 helmet (worn)
Jewellery
 e - a +2 ring of protection (right hand)
 k - an uncursed ring of fire
 s - a ring of see invisible (left hand)
 v - an amulet of resist mutation (around neck)
Scrolls
 l - a scroll of enchant weapon
 p - a scroll of recharging
 r - a scroll of blinking
Books
 b - a book of Air

   Spells                             Type                      Level
   a - Shock                          Conjuration/Air              1
   b - Swiftness                      Charms/Air                   2
   c - Repel Missiles                 Charms/Air                   2
   d - Static Discharge               Conjuration/Air              3
   e - Lightning Bolt                 Conjuration/Air              5
Comestibles
 c - a bread ration
 f - a beef jerky
 j - a royal jelly
 n - a chunk of flesh
 q - a slice of pizza
 t - a meat ration
 u - 3 fruits


   Skills:
 + Level 1.3 Fighting
 + Level 1.1 Armour
 + Level 2.4 Dodging
 - Level 2.0 Stealth
 * Level 2.6 Spellcasting
 * Level 2.6 Conjurations
 * Level 4.2 Air Magic


You had 3 spell levels left.
You knew the following spells:

 Your Spells              Type           Power        Failure   Level  Hunger
a - Shock                 Conj/Air       ##..         4%          1    #......
b - Static Discharge      Conj/Air       ##......     14%         3    ###....
c - Repel Missiles        Chrm/Air       #.....       14%         2    ##.....


Dungeon Overview and Level Annotations

Branches:
Dungeon (4/15)
 Temple: D:4-7

Altars:

Annotations:
D:3 Purgy; Rayvis's ghost, average MiFi


Message History

Press: ? - help, Shift-Dir - straight line, f/p - Rayvis's ghost
Aim: Rayvis's ghost (lightly damaged)
The zap hits Rayvis's ghost.
Rayvis's ghost is moderately damaged.
The zap hits the gnoll.
You kill the gnoll!
Rayvis's ghost hits you!
Unknown command.
Rayvis's ghost wails, "You will join me soon!"
Rayvis's ghost hits you!
* * * LOW HITPOINT WARNING * * *
Rayvis's ghost lets out a mournful wail.
A bat comes into view.
Your magical contamination has completely faded away.
Drink which item? (? for menu, Esc to quit)
You feel better. Rayvis's ghost hits you.
* * * LOW HITPOINT WARNING * * *
Drink which item? (? for menu, Esc to quit)
You feel yourself speed up. Rayvis's ghost hits you.
You die...

#..).# #..†.# #....#
#.(..# #.#### #####
#######(### ####.÷.)
#......(..######....###
#.........#......####
#..)..@W..#.######
#..!........#
#.........###
#.........# #.........#
#......[.b# #....)....#
###########


You could see Rayvis's ghost and a bat.

Vanquished Creatures
  3 gnolls (D:3)
  9 adders
  An ooze (D:2)
  A giant gecko (D:1)
  An orc (D:3)
  A ball python (D:1)
  3 giant cockroaches
  3 goblins
  8 hobgoblins
  8 kobolds
  9 bats
  6 giant newts
  4 jackals (D:2)
  8 rats
65 creatures vanquished.

Notes
Turn   | Place    | Note
--------------------------------------------------------------
     0 | D:1      | HEYYEYAAE the Human Air Elementalist began the quest for the Orb.
     0 | D:1      | Reached XP level 1. HP: 13/13 MP: 3/3
   163 | D:1      | Reached XP level 2. HP: 13/19 MP: 0/5
   537 | D:1      | Reached XP level 3. HP: 25/25 MP: 4/6
   822 | D:2      | Reached skill level 1 in Fighting
   950 | D:2      | Found a faded altar to an unknown god.
  1050 | D:2      | Reached XP level 4. HP: 32/32 MP: 0/7
  1092 | D:2      | Learned a level 3 spell: Static Discharge
  1095 | D:2      | Learned a level 2 spell: Repel Missiles
  1510 | D:2      | Reached skill level 1 in Armour
  1510 | D:2      | Reached XP level 5. HP: 31/37 MP: 4/8
  1861 | D:3      | Noticed Rayvis's ghost (average MiFi)
  1981 | D:3      | Noticed Purgy
  2157 | D:3      | Reached skill level 4 in Air Magic
  2268 | D:3      | Slain by Rayvis's ghost

Vault maps used:
D:1:      saegor_arrival_simple_c, patterned_corridor
D:2:      ecumenical_altar_1
D:3:      first_bread, okawaru_altar_gauntlet_db, uniq_purgy
D:4:      minmay_temple_entry_statues_fountains

Action                   |  1- 3 |  4- 6 || total
-------------------------+-------+-------++-------
Melee: Dagger            |    32 |    38 ||    70
       Unarmed           |     6 |       ||     6
 Cast: Shock             |    54 |    71 ||   125
       Repel Missiles    |       |     1 ||     1
  Use: Scroll            |       |     8 ||     8
       Potion            |       |     3 ||     3
 Stab: Sleeping          |     2 |       ||     2
  Eat: Chunk             |     1 |     5 ||     6
